 Dungeon Crawl Stone Soup version 0.22-a0-448-g1fb7470 (webtiles) character file.

445 Hook the Cudgeler (level 6, -6/47 HPs)
             Began as a Demonspawn Transmuter on June 4, 2018.
             Killed from afar by an electric eel (9 damage)
             ... with a bolt of electricity
             ... on level 4 of the Dungeon.
             The game lasted 00:14:09 (5577 turns).

Hook the Cudgeler (Demonspawn Transmuter)           Turns: 5577, Time: 00:14:10

Health: -6/47      AC:  6    Str: 12    XL:     6   Next: 72%
Magic:  10/10      EV: 12    Int: 14    God:
Gold:   120        SH:  0    Dex: 14    Spells: 4/10 levels left

rFire    + . .     SeeInvis .   f - +1 mace
rCold    x . .     Gourm    .   (no shield)
rNeg     . . .     Faith    .   e - +0 leather armour
rPois    .         Spirit   .   (helmet restricted)
rElec    .         Reflect  .   j - +0 cloak (curse)
rCorr    .         Harm     .   u - +1 pair of gloves
MR       .....                  (no boots)
Stlth    +.........             (no amulet)
HPRegen  0.15/turn              w - ring of fire
MPRegen  0.12/turn              (no ring)

@: drained
A: antennae 2, hooves 1, powered by death 1
a: no special abilities


You were on level 4 of the Dungeon.
You were not hungry.

You visited 1 branch of the dungeon, and saw 4 of its levels.

You collected 120 gold pieces.

Inventory:

Hand Weapons
 c - a +0 dagger
 f - a +1 mace (weapon)
Missiles
 a - 44 arrows
 n - 21 stones (quivered)
Armour
 b - a +0 robe
 e - a +0 leather armour (worn)
 j - a cursed +0 cloak (worn)
 u - a +1 pair of gloves (worn)
Jewellery
 w - a ring of fire (left hand)
Wands
 g - a wand of enslavement (6)
 k - a wand of flame (19)
Scrolls
 i - a scroll of remove curse
 l - a scroll of immolation
 m - 4 scrolls of identify
 v - a scroll of blinking {unknown}
Potions
 h - a potion of magic {unknown}
 r - a potion of heal wounds {unknown}
 s - a potion of resistance {unknown}
Comestibles
 d - 3 rations


   Skills:
 * Level 3.0(2.8) Fighting
 * Level 3.3(3.0) Maces & Flails
 + Level 0.1(0.0) Throwing
 - Level 1.0(0.7) Armour
 * Level 2.9(2.7) Dodging
 + Level 0.2(0.0) Stealth
 - Level 3.0(2.8) Unarmed Combat
 + Level 2.7(2.5) Spellcasting
 * Level 2.1(1.8) Transmutations
 * Level 1.9(1.7) Poison Magic


You had 4 spell levels left.
You knew the following spells:

 Your Spells              Type           Power        Failure   Level  Hunger
a - Beastly Appendage     Tmut           #.....       13%         1    #......
b - Sticks to Snakes      Tmut           #.......     21%         2    ###....
c - Spider Form           Tmut/Pois      #.........   38%         3    ###....

Your spell library contained the following spells:

 Spells                   Type           Power        Failure   Level  Hunger
 Blade Hands              Tmut           #.........   98%         5    ######.
 Ice Form                 Ice/Tmut       #.......     89%         4    #####..


Dungeon Overview and Level Annotations

Branches:
Dungeon (4/15)
 Temple: D:4-7

Altars:
Cheibriados
Dithmenos
Elyvilon
Hepliaklqana
Vehumet
Yredelemnul

Annotations:
D:4 1 transporter


Innate Abilities, Weirdness & Mutations

You have a pair of antennae on your head.
You have large cloven feet.
You regenerate a little health from kills.


Message History

There is an open door here.
The electric eel shoots out a bolt of lightning at you!
The bolt of electricity hits you!
The bolt of electricity hits the electric eel.
The electric eel completely resists.
The bolt of electricity hits the electric eel.
The electric eel completely resists.
The electric eel shoots out a bolt of lightning at you!
The bolt of electricity misses you.
The electric eel shoots out a bolt of lightning at you!
The bolt of electricity hits you!
The electric eel shoots out a bolt of lightning at you!
The bolt of electricity hits you!
* * * LOW HITPOINT WARNING * * *
The electric eel shoots out a bolt of lightning at you!
The bolt of electricity hits you!
* * * LOW HITPOINT WARNING * * *
The electric eel shoots out a bolt of lightning at you!
The bolt of electricity hits you!
You die...

##..#....©.....# #..# ##..
#..#.#######..# ##.# ##...
#..#.#8.©.8#..# #.###..#.
#.##.#P.[.P#..# #........
#.##.###+###..# ####...#.
#.##.#≈...≈#..# #>.....
#####.##.#≈...≈#..# #.#####
##<..#....#≈...≈#..## #.#
##.........#≈.♣@≈#...#####.#####
#..........#≈...;#.#..........##
#..........#≈...≈#.###......#..#
#..........#;...;#.##..#'#..##..
##.........###'###.....+_+..####
##...#....#P...P#)##..#+#..###.
#####.##.#8.©.8#...........<..
#.##.#######.#.........).#
#.##....©....#.........###


You could see 3 electric eels.

Vanquished Creatures
  A human (D:3)
  An orc wizard (D:3)
  Crazy Yiuf (D:4)
  A human zombie (D:3)
  Ijyb (D:4)
  A worker ant (D:4)
  Robin (D:4)
  4 adders
  A worm (D:3)
  A dart slug (D:2)
  3 leopard geckos
  5 orcs
  14 giant cockroaches
  3 goblins
  A hobgoblin (D:3)
  2 jackals (D:3)
  5 kobolds
  4 quokkas
  A ball python (D:2)
  7 bats
  5 frilled lizards
  A jackal zombie (D:3)
  A kobold zombie (D:3)
  6 rats
71 creatures vanquished.

Vanquished Creatures (collateral kills)
  An orc wizard (D:4)
  Terence (D:2)
  An orc (D:4)
  7 goblins (D:4)
  2 hobgoblins (D:4)
  A kobold (D:2)
13 creatures vanquished.

Vanquished Creatures (others)
  A giant cockroach (D:3)
  A frilled lizard (D:3)
2 creatures vanquished.

Grand Total: 86 creatures vanquished

Notes
Turn   | Place    | Note
-------+----------+-------------------------------------------
     0 | D:1      | Hook the Demonspawn Transmuter began the quest for the Orb.
     0 | D:1      | Reached XP level 1. HP: 15/15 MP: 3/3
   389 | D:1      | Gained mutation: You regenerate a little health from kills. [demonic ancestry]
   389 | D:1      | Reached XP level 2. HP: 18/21 MP: 3/5
   598 | D:1      | Learned a level 2 spell: Sticks to Snakes
  1000 | D:2      | Gained mutation: You have large cloven feet. [demonic ancestry]
  1000 | D:2      | Reached XP level 3. HP: 24/26 MP: 6/6
  1068 | D:2      | Noticed Terence
  1312 | D:2      | Learned a level 3 spell: Spider Form
  1625 | D:2      | Found a shadowy altar of Dithmenos.
  1872 | D:2      | Found a snail-covered altar of Cheibriados.
  2085 | D:2      | Gained mutation: You have a pair of small antennae on your head. [demonic ancestry]
  2085 | D:2      | Reached XP level 4. HP: 30/32 MP: 5/7
  2298 | D:2      | Killed Terence
  2298 | D:2      | Reached skill level 1 in Armour
  2739 | D:3      | Found a hazy altar of Hepliaklqana.
  2763 | D:3      | Reached skill level 1 in Maces & Flails
  2940 | D:3      | Found a radiant altar of Vehumet.
  2978 | D:3      | Reached skill level 1 in Poison Magic
  3033 | D:3      | Found a runed door.
  3033 | D:3      | Noticed a human
  3138 | D:3      | Gained mutation: You have a pair of antennae on your head. [demonic ancestry]
  3138 | D:3      | Reached XP level 5. HP: 39/39 MP: 8/8
  3352 | D:3      | Found a basalt altar of Yredelemnul.
  3455 | D:3      | HP: 1/39 [human (6)]
  3457 | D:3      | Killed a human
  3457 | D:3      | Reached XP level 6. HP: 2/47 MP: 6/10
  4148 | D:4      | Noticed Ijyb
  4169 | D:4      | Killed Ijyb
  4413 | D:4      | Noticed Robin
  4432 | D:4      | Killed Robin
  4622 | D:4      | Found a transporter.
  4667 | D:4      | Found a white marble altar of Elyvilon.
  4733 | D:4      | Found a transporter.
  5091 | D:4      | Found a runed door.
  5152 | D:4      | Noticed Crazy Yiuf
  5163 | D:4      | Killed Crazy Yiuf
  5577 | D:4      | Killed from afar by an electric eel

Vault maps used:
D:1:      dpeg_arrival_rooms_with_view
D:2:      minmay_roachtagon, kennysheep_slug_shrine,
          grunt_dithmenos_smoke_and_mirrors, uniq_terence
D:3:      nicolae_overflow_hidden_temple, lemuel_round_altar,
          grunt_decor_fettered, dk_yredelemnul_ordeal
D:4:      gammafunk_steamed_eel, kennysheep_mini_moat, uniq_robin, uniq_ijyb,
          uniq_crazy_yiuf_cottage

Skill      XL: |  1  2  3  4  5  6 |
---------------+-------------------+-----
Unarmed Combat | 3 |  3.0
Dodging        | 2 |  2.9
Transmutations | 2 |  2.1
Armour         | 1 |  1.0
Maces & Flails | 1 2 3 |  3.3
Fighting       | 2 3 |  3.0
Poison Magic   | 1 |  1.9
Throwing       | |  0.1
Stealth        | |  0.2
Spellcasting   | |  2.7

Action                   |  1- 3 |  4- 6 || total
-------------------------+-------+-------++-------
Melee: Unarmed           |    33 |    36 ||    69
       Mace              |    85 |   101 ||   186
       Kick              |    11 |    26 ||    37
       Headbutt          |     6 |       ||     6
       Punch             |       |     2 ||     2
Throw: Stone             |     2 |     6 ||     8
 Cast: Beastly Appendage |    20 |       ||    20
       Sticks to Snakes  |     9 |    20 ||    29
       Spider Form       |       |     5 ||     5
  Use: Scroll            |       |     8 ||     8
  Eat: Chunk             |     2 |     8 ||    10
       Ration            |     1 |     2 ||     3
Armor: Robe              |     6 |       ||     6
       Leather armour    |    37 |    18 ||    55
       Skin              |       |     3 ||     3
Dodge: Dodged            |   131 |    80 ||   211

Table legend:
 A = Spawn XP
 B = Non-spawn XP
 C = Spawn XP percentage of total XP
 D = Spawn monster count
 E = Non-spawn monster count
 F = Spawn count percentage of total count
 G = Total turns spent on level
                    A         B        C        D         E        F      G
               +---------+---------+-------+---------+---------+-------+---------
         Total |       0 |     637 |   0.0 |       0 |      84 |   0.0 |  5577
               +---------+---------+-------+---------+---------+-------+---------
           D:1 |       0 |      28 |   0.0 |       0 |      18 |   0.0 |   912
           D:2 |       0 |     103 |   0.0 |       0 |      29 |   0.0 |  1827
           D:3 |       0 |     305 |   0.0 |       0 |      15 |   0.0 |  1407
           D:4 |       0 |     201 |   0.0 |       0 |      22 |   0.0 |  1431
               +---------+---------+-------+---------+---------+-------+---------
